[Event "December 12 Late 2023"]
[Site "https://www.chess.com"]
[Date "2023.12.12"]
[Round "2"]
[White "Weisz, Bryan"]
[Black "Hartikainen, Jarmo"]
[Result "1-0"]
[Board "146"]
[TimeControl "180+1"]
[WhiteFideId "30934133"]
[BlackFideId "503134"]
[WhiteElo "2451"]
[BlackElo "2133"]
[WhiteTeam "USA"]
[BlackTeam "FIN"]
[WhiteClock "0:00:28"]
[BlackClock "0:00:06"]

1. Nh3 b6 2. Na3 Bb7 3. Nf4 e5 4. Nd3 Nc6 5. Nc4 f6 6. e4 d5 7. exd5 Qxd5 8. Ne3 Qe6 9. c3 O-O-O 10. Be2 Nh6 11. b4 g5 12. Nb2 Kb8 13. a4 e4 14. a5 Ne5 15. axb6 cxb6 16. Qa4 Nd3+ 17. Nxd3 exd3 18. Qxa7+ Kc8 19. Bf3 Bxf3 20. gxf3 f5 21. Qa8+ Kd7 22. Qd5+ Qxd5 23. Nxd5 Kc6 24. c4 Re8+ 25. Kd1 Bg7 26. Ra7 Bd4 27. Ba3 b5 28. Ra6+ Kb7 29. cxb5 Ra8 30. Re1 Rxa6 31. Re7+ Kc8 32. bxa6 Kd8 33. a7 Bxa7 34. Rxa7 Re8 35. Ra8+ Kd7 36. Nf6+ Ke6 37. Nxe8 Kd5 38. b5 Kc4 39. b6 Kb3 40. b7 Ka2 41. b8=Q 1-0

[Event "December 12 Late 2023"]
[Site "https://www.chess.com"]
[Date "2023.12.12"]
[Round "2"]
[White "Powell, Paul"]
[Black "Goncalves, Davi Sulzbacher"]
[Result "0-1"]
[Board "147"]
[TimeControl "180+1"]
[WhiteFideId "2005840"]
[BlackFideId "2154510"]
[WhiteElo "2129"]
[BlackElo "2451"]
[WhiteTeam "USA"]
[BlackTeam "BRA"]
[WhiteClock "0:01:48"]
[BlackClock "0:01:51"]

1. d4 d5 2. Nf3 Nf6 3. Bf4 Bg4 4. Nbd2 e6 5. h3 Bh5 6. c3 Bd6 7. Ne5 O-O 8. g4 Bg6 9. e3 Nbd7 10. Qf3 Bxe5 11. dxe5 Ne4 12. O-O-O Nxd2 13. Rxd2 Be4 14. Qg3 Bxh1 15. f3 g5 16. Rh2 gxf4 17. Qxf4 Bxf3 18. Qxf3 Nxe5 19. Qg3 Ng6 20. h4 Qd6 21. Qg2 c5 22. h5 Ne5 23. g5 d4 24. g6 fxg6 25. hxg6 Nxg6 26. Bd3 Rf6 27. Qh3 Qe7 28. Rg2 Raf8 29. a3 dxc3 30. bxc3 c4 31. Bc2 Qxa3+ 32. Kb1 Rf1+ 0-1

[Event "December 12 Late 2023"]
[Site "https://www.chess.com"]
[Date "2023.12.12"]
[Round "2"]
[White "Belli, Giorgio"]
[Black "Harrington, Steve"]
[Result "1-0"]
[Board "148"]
[TimeControl "180+1"]
[WhiteFideId "2808833"]
[BlackFideId "2038730"]
[WhiteElo "2449"]
[BlackElo "2127"]
[WhiteTeam "ITA"]
[BlackTeam "USA"]
[WhiteClock "0:00:06"]
[BlackClock "0:00:00"]

1. e3 d5 2. d4 Nc6 3. Nf3 Bg4 4. Be2 e6 5. O-O Nf6 6. c4 Be7 7. Nc3 O-O 8. Qb3 Rb8 9. cxd5 exd5 10. a3 Re8 11. Qc2 Bh5 12. b4 Bg6 13. Bd3 Ne4 14. Nd2 Nxc3 15. Qxc3 Bf6 16. Bb2 Ne7 17. Rac1 c6 18. Nb3 Qd6 19. g3 Rbc8 20. Rc2 Rc7 21. Rfc1 a6 22. Bxg6 hxg6 23. Nc5 Nc8 24. a4 Nb6 25. a5 Nc4 26. Ba1 Rce7 27. Qd3 g5 28. Rxc4 dxc4 29. Qxc4 Qd5 30. Qxd5 cxd5 31. g4 Rc8 32. Kf1 Rec7 33. Ke2 Rc6 34. Rd1 Be7 35. Bb2 b6 36. axb6 Rxb6 37. Bc3 Rbc6 38. Ra1 Bxc5 39. dxc5 f6 40. Rd1 Rd8 41. Rh1 Kf7 42. h4 gxh4 43. Rxh4 a5 44. g5 axb4 45. Bxb4 Rb8 46. gxf6 gxf6 47. Rh7+ Kg6 48. Rh4 Kg5 49. Rd4 Rb5 50. Rxd5+ Kg6 51. Rd4 Kf5 52. Kd3 Ke6 53. Kc4 Rb8 54. Rd6+ Rxd6 55. cxd6 Rc8+ 56. Bc5 f5 57. f3 Ke5 58. Kb5 Kd5 59. Bb4 Rb8+ 60. Ka4 Kc4 61. Ba5 Rb7 62. e4 fxe4 63. fxe4 Kd4 64. Bc7 Kxe4 65. Ka5 Kd5 66. d7 Kc6 67. d8=Q Rxc7 68. Qe8+ Kc5 69. Qe5+ Kc6 70. Kb4 Rb7+ 71. Kc4 Rd7 72. Qc5+ Kb7 73. Kb5 Rc7 74. Qd5+ Kc8 75. Kb6 Re7 76. Qd6 Rh7 77. Qe6+ Kd8 78. Qg8+ 1-0

[Event "December 12 Late 2023"]
[Site "https://www.chess.com"]
[Date "2023.12.12"]
[Round "2"]
[White "Janiashvili, Mariami"]
[Black "Lopusiewicz, Piotr"]
[Result "0-1"]
[Board "149"]
[TimeControl "180+1"]
[WhiteFideId "13612077"]
[BlackFideId "1116029"]
[WhiteElo "2124"]
[BlackElo "2443"]
[WhiteTeam "GEO"]
[BlackTeam "POL"]
[WhiteClock "0:02:04"]
[BlackClock "0:01:58"]

1. e4 e5 2. Nf3 Nc6 3. d4 exd4 4. Bc4 Nf6 5. O-O Nxe4 6. Re1 d5 7. Bxd5 Qxd5 8. Nc3 Qh5 9. Nxe4 Be6 10. Neg5 O-O-O 11. Nxe6 fxe6 12. Rxe6 Bd6 13. Re1 Rhf8 14. h3 h6 15. a3 g5 16. b4 g4 17. hxg4 Qxg4 18. b5 Rg8 19. Nh4 Qxh4 20. bxc6 Qh2+ 21. Kf1 Qxg2+ 22. Ke2 Qe4+ 23. Kd2 Bf4+ 0-1

[Event "December 12 Late 2023"]
[Site "https://www.chess.com"]
[Date "2023.12.12"]
[Round "2"]
[White "Buchenau, Frank"]
[Black "Novikova, Margarita"]
[Result "0-1"]
[Board "150"]
[TimeControl "180+1"]
[WhiteFideId "4604350"]
[BlackFideId "14109689"]
[WhiteElo "2434"]
[BlackElo "2117"]
[WhiteTeam "GER"]
[BlackTeam "GER"]
[WhiteClock "0:00:00"]
[BlackClock "0:00:20"]

1. e4 d5 2. exd5 Qxd5 3. Nc3 Qd6 4. d4 Nf6 5. Nf3 c6 6. Ne5 Nbd7 7. Nc4 Qc7 8. Qf3 Nb6 9. Bf4 Qd8 10. Be5 Be6 11. Nxb6 Qxb6 12. Rb1 Nd5 13. Be2 Nxc3 14. Qxc3 Bxa2 15. Ra1 Bd5 16. O-O e6 17. Qg3 f6 18. Bd6 Bxd6 19. Qxd6 Qd8 20. Qf4 O-O 21. c4 e5 22. dxe5 fxe5 23. Qxe5 Re8 24. Qh5 Bf7 25. Qg4 h5 26. Qf3 Qg5 27. Rfe1 h4 28. h3 Re5 29. Bd3 Rae8 30. Rxe5 Qxe5 31. Rxa7 Qxb2 32. Qf5 g6 33. Qg4 Re1+ 34. Kh2 Qe5+ 35. f4 Qf6 36. f5 Qe5+ 37. g3 hxg3+ 38. Qxg3 Rh1+ 0-1

[Event "December 12 Late 2023"]
[Site "https://www.chess.com"]
[Date "2023.12.12"]
[Round "2"]
[White "Lutz, Igor Oscar"]
[Black "Bold, Andre"]
[Result "0-1"]
[Board "151"]
[TimeControl "180+1"]
[WhiteFideId "2110806"]
[BlackFideId "16208471"]
[WhiteElo "2115"]
[BlackElo "2432"]
[WhiteTeam "BRA"]
[BlackTeam "GER"]
[WhiteClock "0:01:40"]
[BlackClock "0:01:10"]

1. d4 d5 2. c4 c6 3. Nf3 Nf6 4. g3 dxc4 5. Bg2 g6 6. O-O Bg7 7. Nc3 b5 8. Ne5 Qb6 9. Be3 Bb7 10. d5 c5 11. Ne4 Nxe4 12. Bxe4 Bxe5 13. Qc2 O-O 14. h4 e6 15. dxe6 fxe6 16. Bxg6 hxg6 17. Qxg6+ Bg7 18. Bh6 Qc7 19. Rad1 Qf7 20. Qxf7+ Kxf7 21. Bxg7 Kxg7 0-1

[Event "December 12 Late 2023"]
[Site "https://www.chess.com"]
[Date "2023.12.12"]
[Round "2"]
[White "Sailer, Mike"]
[Black "Dilmukhametov, Artur"]
[Result "1-0"]
[Board "152"]
[TimeControl "180+1"]
[WhiteFideId "2012901"]
[BlackFideId "24179922"]
[WhiteElo "2089"]
[BlackElo "2428"]
[WhiteTeam "USA"]
[BlackTeam "RUS"]
[WhiteClock "0:00:32"]
[BlackClock "0:00:00"]

1. d4 Nf6 2. Bg5 g6 3. Bxf6 exf6 4. e3 Bg7 5. Bd3 O-O 6. h3 d5 7. Nf3 b6 8. O-O Bb7 9. c4 dxc4 10. Bxc4 c5 11. Nc3 Qc7 12. Rc1 Rd8 13. Qe2 Nc6 14. dxc5 bxc5 15. Bd5 Ne5 16. Bxb7 Qxb7 17. Nxe5 fxe5 18. e4 Rab8 19. b3 Bh6 20. Rcd1 Qb4 21. Nd5 Qa5 22. Ne7+ Kh8 23. Nc6 Qc7 24. Nxd8 Rxd8 25. Rxd8+ Qxd8 26. Rd1 Qc7 27. Qd3 Bg5 28. Qd6 Qxd6 29. Rxd6 Bc1 30. Rd5 Ba3 31. Rxe5 Kg7 32. Kf1 a5 33. Ke2 Kf6 34. Rd5 Ke6 35. Kd3 h5 36. Kc4 Bb4 37. f4 1-0

[Event "December 12 Late 2023"]
[Site "https://www.chess.com"]
[Date "2023.12.12"]
[Round "2"]
[White "Sari, Yasin"]
[Black "Oliveira, Tiago Batista"]
[Result "1-0"]
[Board "153"]
[TimeControl "180+1"]
[WhiteFideId "6320902"]
[BlackFideId "2108291"]
[WhiteElo "2423"]
[BlackElo "2082"]
[WhiteTeam "TUR"]
[BlackTeam "BRA"]
[WhiteClock "0:00:06"]
[BlackClock "0:00:00"]

1. d4 Nf6 2. Bf4 d5 3. e3 e6 4. Nf3 c5 5. c3 Nc6 6. Nbd2 b6 7. Bb5 Bd7 8. O-O a6 9. Bxc6 Bxc6 10. Ne5 Bb7 11. Qe2 Nd7 12. Bg3 Nxe5 13. Bxe5 f6 14. Bg3 Bd6 15. Qh5+ g6 16. Qh6 Bf8 17. Qh3 Qd7 18. Rfe1 Bg7 19. dxc5 bxc5 20. b4 O-O 21. Nb3 Bc8 22. Nxc5 Qf7 23. f4 e5 24. Qh4 e4 25. f5 Bxf5 26. Qf4 Rfd8 27. Rf1 a5 28. a3 Qa7 29. Rac1 h5 30. Qh4 Kh7 31. Rxf5 gxf5 32. Qxh5+ Kg8 33. Qxf5 axb4 34. axb4 Qf7 35. Rf1 Ra2 36. Bh4 Rd6 37. Bg3 Rd8 38. Be5 Rf8 39. Bd4 Kh8 40. Ne6 Rg8 41. Nxg7 Qxg7 42. g3 Rf8 43. Bxf6 Rxf6 44. Qxf6 Qxf6 45. Rxf6 Rc2 46. Rc6 Kg7 47. b5 Kf7 48. b6 Ke7 49. h4 Kd7 50. Rc7+ Kd6 51. h5 Rb2 52. Rg7 1-0

[Event "December 12 Late 2023"]
[Site "https://www.chess.com"]
[Date "2023.12.12"]
[Round "2"]
[White "Ghosh, Chanchal Kumer"]
[Black "Melikhov, Evgeny V."]
[Result "0-1"]
[Board "154"]
[TimeControl "180+1"]
[WhiteFideId "10201858"]
[BlackFideId "4122046"]
[WhiteElo "2077"]
[BlackElo "2415"]
[WhiteTeam "BAN"]
[BlackTeam "GRE"]
[WhiteClock "0:00:00"]
[BlackClock "0:00:44"]

1. e4 c5 2. Nf3 d6 3. d4 cxd4 4. Nxd4 Nf6 5. Nc3 a6 6. Be2 e6 7. O-O Be7 8. Be3 O-O 9. f4 Qc7 10. Bf3 Nc6 11. a4 Na5 12. Kh1 Rb8 13. Qe2 Re8 14. Rad1 Qc4 15. Qf2 b5 16. axb5 axb5 17. Be2 Qb4 18. Bxb5 Ng4 19. Qe2 Nxe3 20. Qxe3 Rd8 21. b3 Bb7 22. Nb1 Qc5 23. c3 Nxb3 24. Bd3 Nxd4 25. cxd4 Qb4 26. e5 g6 27. Nd2 dxe5 28. dxe5 Qd4 29. Qxd4 Rxd4 30. Nf3 Rxf4 31. Rb1 Rb4 32. Rxb4 Bxb4 33. Rb1 Bd5 34. Nd4 Rb6 0-1

[Event "December 12 Late 2023"]
[Site "https://www.chess.com"]
[Date "2023.12.12"]
[Round "2"]
[White "Dubessay, Bastien"]
[Black "Stead, Kerry"]
[Result "1-0"]
[Board "155"]
[TimeControl "180+1"]
[WhiteFideId "650048"]
[BlackFideId "3202577"]
[WhiteElo "2413"]
[BlackElo "2061"]
[WhiteTeam "FRA"]
[BlackTeam "AUS"]
[WhiteClock "0:01:05"]
[BlackClock "0:01:22"]

1. e4 c6 2. d3 d5 3. Nd2 e5 4. h3 Be6 5. Ngf3 Qc7 6. Be2 Nd7 7. O-O h6 8. b3 Ngf6 9. Bb2 Bd6 10. Re1 O-O-O 11. exd5 Nxd5 12. Bf1 f6 13. Nc4 Bb4 14. Ba3 Bxa3 15. Nxa3 g5 16. Nc4 Rhe8 17. Qd2 Nf4 18. a4 Nc5 19. Qe3 Bd5 20. Qxc5 Bxf3 21. gxf3 b6 22. Qe3 Qd7 23. a5 b5 24. Nd2 Nxh3+ 25. Kh2 Nf4 26. Ne4 Qf7 27. Ng3 h5 28. Qe4 Rd6 29. Ne2 f5 30. Qb4 Rg6 31. Nxf4 gxf4 32. Bh3 Reg8 33. Rxe5 Kd7 34. Rae1 R8g7 35. Re7+ Qxe7 36. Rxe7+ Rxe7 37. Bxf5+ Kd8 38. Bxg6 1-0

[Event "December 12 Late 2023"]
[Site "https://www.chess.com"]
[Date "2023.12.12"]
[Round "2"]
[White "MasterofMasters2006"]
[Black "Marin Posada, Sebastian"]
[Result "1/2-1/2"]
[Board "156"]
[TimeControl "180+1"]
[BlackFideId "4402782"]
[WhiteElo "2058"]
[BlackElo "2412"]
[BlackTeam "COL"]
[WhiteClock "0:00:07"]
[BlackClock "0:00:02"]

1. d4 e6 2. c4 b6 3. Nf3 Bb4+ 4. Bd2 Be7 5. g3 Ba6 6. Qc2 Nf6 7. Bg2 c6 8. O-O d5 9. Ne5 O-O 10. b3 Nfd7 11. Nxd7 Nxd7 12. Bf4 Rc8 13. Nd2 Nf6 14. Rad1 Bd6 15. Bxd6 Qxd6 16. e4 dxe4 17. Nxe4 Nxe4 18. Bxe4 g6 19. Rfe1 Rfd8 20. Qe2 Qa3 21. Rd2 Rc7 22. Red1 Bb7 23. Qf3 Qd6 24. d5 cxd5 25. cxd5 e5 26. g4 f6 27. Qd3 Kg7 28. h3 Rdc8 29. Re1 Rc3 30. Qf1 a6 31. Rdd1 b5 32. Rc1 b4 33. Rcd1 a5 34. Qb5 Ba6 35. Qxa5 Rxh3 36. Bg2 Rhc3 37. Bf1 Bxf1 38. Kxf1 R8c7 39. Qa8 h6 40. Qe8 Rc2 41. Qe6 Qxe6 42. dxe6 Re7 43. Rd7 Rxd7 44. exd7 Rd2 45. Re4 Rxd7 46. Rxb4 Rd2 47. a4 Ra2 48. Rb7+ Kf8 49. Rb6 Ke7 50. Rb7+ Ke6 51. Rb6+ Ke7 52. Rb7+ Ke6 53. Rb6+ Ke7 1/2-1/2

[Event "December 12 Late 2023"]
[Site "https://www.chess.com"]
[Date "2023.12.12"]
[Round "2"]
[White "Rios Escobar, Adan"]
[Black "De Souza, Arthur Olintho"]
[Result "0-1"]
[Board "157"]
[TimeControl "180+1"]
[WhiteFideId "3403645"]
[BlackFideId "2116200"]
[WhiteElo "2407"]
[BlackElo "2043"]
[WhiteTeam "CHI"]
[BlackTeam "BRA"]
[WhiteClock "0:00:00"]
[BlackClock "0:00:27"]

1. Nf3 Nf6 2. c4 g6 3. Nc3 Bg7 4. e4 d6 5. d4 O-O 6. Bd3 e5 7. d5 c6 8. O-O cxd5 9. cxd5 Nbd7 10. h3 Nc5 11. Bc2 a5 12. a3 Nh5 13. Rb1 f5 14. b4 axb4 15. axb4 Nxe4 16. Nxe4 fxe4 17. Bxe4 Nf4 18. b5 Bf5 19. Re1 Bxe4 20. Rxe4 Qf6 21. Bxf4 exf4 22. Nd4 Rfc8 23. Ne6 Qf5 24. Rxf4 Qe5 25. Qf3 Ra1 26. Qd1 Rxb1 27. Qxb1 Bh6 28. Rg4 Rc1+ 29. Qxc1 Bxc1 30. Rc4 Qxd5 31. Rc8+ Kf7 32. Nd8+ Ke7 33. Rxc1 Kxd8 34. Rb1 Qd3 35. Rb2 d5 36. b6 d4 37. Kh2 Qc3 38. Rb5 d3 39. Rd5+ Ke7 40. f4 d2 41. h4 Qc1 42. Rd4 d1=Q 0-1

[Event "December 12 Late 2023"]
[Site "https://www.chess.com"]
[Date "2023.12.12"]
[Round "2"]
[White "Phillips, Rene"]
[Black "Esmeraldas Huachi, Anderson"]
[Result "0-1"]
[Board "159"]
[TimeControl "180+1"]
[WhiteFideId "2056275"]
[BlackFideId "3616363"]
[WhiteElo "2030"]
[BlackElo "2404"]
[WhiteTeam "USA"]
[BlackTeam "ECU"]
[WhiteClock "0:01:35"]
[BlackClock "0:02:00"]

1. Nf3 d5 2. d4 Nf6 3. Bf4 e6 4. e3 Bd6 5. Bg3 O-O 6. Nbd2 c5 7. c3 Qc7 8. Ne5 Nbd7 9. f4 Ne4 10. Bd3 f5 11. Ndf3 Ndf6 12. Bh4 b6 13. Ng5 a5 14. Qe2 cxd4 15. exd4 Nxc3 16. bxc3 Qxc3+ 17. Kf2 Qxd4+ 18. Qe3 Bxe5 0-1

[Event "December 12 Late 2023"]
[Site "https://www.chess.com"]
[Date "2023.12.12"]
[Round "2"]
[White "Luong Phuong Hanh"]
[Black "Gulamirian, Korun"]
[Result "1-0"]
[Board "160"]
[TimeControl "180+1"]
[WhiteFideId "12401013"]
[BlackFideId "4144899"]
[WhiteElo "2404"]
[BlackElo "2025"]
[WhiteTeam "VIE"]
[BlackTeam "RUS"]
[WhiteClock "0:00:21"]
[BlackClock "0:00:07"]

1. d4 Nf6 2. Nf3 g6 3. g3 Bg7 4. Bg2 O-O 5. O-O c6 6. a4 d5 7. a5 a6 8. c3 Nbd7 9. Re1 Ne4 10. Nbd2 Nd6 11. e4 dxe4 12. Nxe4 Nxe4 13. Rxe4 Nf6 14. Re1 Nd5 15. Ne5 e6 16. h4 h6 17. Nd3 Kh7 18. Nc5 Qc7 19. c4 Nf6 20. Bf4 Qd8 21. Qd2 Ng8 22. Rad1 b6 23. axb6 Qxb6 24. Na4 Qb7 25. c5 Qb5 26. Nb6 Ra7 27. Bf1 e5 28. Bxb5 exf4 29. Bxc6 fxg3 30. fxg3 Bg4 31. Rc1 Nf6 32. Nd5 Nxd5 33. Bxd5 Rd7 34. Bg2 Bxd4+ 35. Kh1 Bxc5 36. Qxd7 Bxd7 37. Rxc5 Be6 38. Rc6 a5 39. Ra6 Rb8 40. Rxa5 Rxb2 41. Rae5 Kg7 42. R5e2 Kf6 43. Rxb2 g5 44. Rf2+ Kg6 45. hxg5 hxg5 46. Be4+ Kg7 47. Rh2 Kf6 48. Rf1+ Ke5 49. Bg2 f5 50. Rh6 Bc4 51. Re1+ Kd4 52. Rd6+ Kc5 53. Rc6+ Kb4 54. Rb1+ Kc3 55. Rc1+ Kd2 56. R6xc4 f4 57. R4c3 f3 58. R1c2+ Ke1 59. Bxf3 g4 60. Bxg4 Kf1 61. Ra2 Ke1 62. Rc1# 1-0

[Event "December 12 Late 2023"]
[Site "https://www.chess.com"]
[Date "2023.12.12"]
[Round "2"]
[White "Desideri, Ricardo Maruchi"]
[Black "Marchesich, Giovanni"]
[Result "0-1"]
[Board "161"]
[TimeControl "180+1"]
[WhiteFideId "2110440"]
[BlackFideId "2824790"]
[WhiteElo "2022"]
[BlackElo "2402"]
[WhiteTeam "BRA"]
[BlackTeam "ITA"]
[WhiteClock "0:00:35"]
[BlackClock "0:01:44"]

1. e4 e5 2. f4 d5 3. exd5 exf4 4. Nf3 Bd6 5. d3 Nf6 6. c4 O-O 7. b3 c6 8. dxc6 Nxc6 9. Bb2 Bg4 10. Be2 Bc5 11. d4 Bb4+ 12. Nbd2 Bxf3 13. Bxf3 Nxd4 14. Kf2 Qb6 15. Ne4 Nxf3+ 16. Kxf3 Qe3# 0-1

[Event "December 12 Late 2023"]
[Site "https://www.chess.com"]
[Date "2023.12.12"]
[Round "2"]
[White "Smirnov, Timofey"]
[Black "Zeneli, Klendi"]
[Result "0-1"]
[Board "162"]
[TimeControl "180+1"]
[WhiteFideId "24176427"]
[BlackFideId "4706609"]
[WhiteElo "2021"]
[BlackElo "2399"]
[WhiteTeam "RUS"]
[BlackTeam "ALB"]
[WhiteClock "0:00:23"]
[BlackClock "0:01:59"]

1. d4 d5 2. Bf4 c5 3. e3 Nc6 4. c3 Qb6 5. Qb3 c4 6. Qc2 Nf6 7. Nf3 Bf5 8. Qc1 e6 9. Nbd2 h6 10. h3 Be7 11. Be2 O-O 12. O-O Rfc8 13. Ne5 Qd8 14. Ndf3 b5 15. a3 a5 16. Nxc6 Rxc6 17. Ne5 Rca6 18. b3 cxb3 19. Bxb5 Rb6 20. a4 Rc8 21. Qb2 Bc2 22. c4 dxc4 23. Nxc4 Rxb5 24. axb5 Rxc4 25. Rfc1 Qb6 26. Rab1 a4 27. Rxc2 Rxc2 28. Qa3 Bxa3 0-1

[Event "December 12 Late 2023"]
[Site "https://www.chess.com"]
[Date "2023.12.12"]
[Round "3"]
[White "Kadric, Denis"]
[Black "Nihal Sarin"]
[Result "0-1"]
[Board "1"]
[TimeControl "180+1"]
[WhiteFideId "14403803"]
[BlackFideId "25092340"]
[WhiteElo "2814"]
[BlackElo "3144"]
[WhiteTeam "MNE"]
[BlackTeam "IND"]
[WhiteClock "0:00:11"]
[BlackClock "0:00:14"]

1. e4 c6 2. d4 d5 3. e5 Bf5 4. h4 a6 5. g4 Bd7 6. Be3 e6 7. h5 c5 8. c3 Qb6 9. Qd2 Bb5 10. f4 Bxf1 11. Kxf1 Nh6 12. g5 Nf5 13. Bf2 Nc6 14. Nf3 Rc8 15. Kg2 cxd4 16. Bxd4 Bc5 17. Bxc5 Qxc5 18. Na3 Na5 19. Nd4 Nxd4 20. Qxd4 Qxd4 21. cxd4 Nc4 22. Rac1 Kd7 23. Nxc4 Rxc4 24. Rhd1 Rhc8 25. Rxc4 Rxc4 26. Rd2 Rc1 27. Kf3 b5 28. g6 fxg6 29. hxg6 h6 30. Rf2 Rd1 31. Ke3 Re1+ 32. Kd3 Rg1 33. f5 Rg3+ 34. Kd2 exf5 35. Rxf5 Rxg6 36. Rf7+ Ke6 37. Rf8 Rg2+ 38. Kc3 h5 39. Rd8 h4 40. Rd6+ Kf5 41. Rxd5 h3 42. Rd8 g5 43. Rf8+ Ke6 44. Rf6+ Ke7 45. d5 Rg4 46. d6+ Kd7 47. Rf7+ Kc6 48. Rc7+ Kb6 49. Rh7 Rh4 50. Rxh4 gxh4 51. e6 h2 52. e7 h1=Q 53. e8=Q Qc6+ 0-1

[Event "December 12 Late 2023"]
[Site "https://www.chess.com"]
[Date "2023.12.12"]
[Round "3"]
[White "Dubov, Daniil"]
[Black "Brodsky, David"]
[Result "1-0"]
[Board "2"]
[TimeControl "180+1"]
[WhiteFideId "24126055"]
[BlackFideId "2073250"]
[WhiteElo "3122"]
[BlackElo "2804"]
[WhiteTeam "RUS"]
[BlackTeam "USA"]
[WhiteClock "0:01:23"]
[BlackClock "0:00:20"]

1. d4 Nf6 2. Bf4 d5 3. e3 c5 4. Nf3 Nc6 5. Nbd2 cxd4 6. exd4 Bf5 7. Bb5 Qb6 8. c4 e6 9. a4 a6 10. a5 Qd8 11. Bxc6+ bxc6 12. Qa4 Rc8 13. Ne5 dxc4 14. Ndxc4 Qd5 15. O-O Qb5 16. Nb6 Rc7 17. Ng6 hxg6 18. Bxc7 Qxa4 19. Rxa4 Nd5 20. Bg3 Be7 21. Rc1 Nb4 22. Rc4 Nd3 23. Rxc6 O-O 24. Nc4 Nb4 25. Rb6 Nd5 26. Rxa6 Bc2 27. Ra1 Bd3 28. b3 Rb8 29. Bxb8 1-0

[Event "December 12 Late 2023"]
[Site "https://www.chess.com"]
[Date "2023.12.12"]
[Round "3"]
[White "Volodin, Aleksandr"]
[Black "Andreikin, Dmitry"]
[Result "0-1"]
[Board "3"]
[TimeControl "180+1"]
[WhiteFideId "4501950"]
[BlackFideId "4158814"]
[WhiteElo "2796"]
[BlackElo "3108"]
[WhiteTeam "EST"]
[BlackTeam "FID"]
[WhiteClock "0:00:00"]
[BlackClock "0:01:40"]

1. d4 g6 2. c4 Bg7 3. g3 c5 4. d5 b5 5. Nd2 bxc4 6. Nxc4 Ba6 7. Qc2 Nf6 8. Bg2 O-O 9. Nh3 d6 10. O-O Nbd7 11. Nf4 Nb6 12. Na5 Qd7 13. Rd1 Rac8 14. Bh3 Qb5 15. Bxc8 Rxc8 16. Nc6 Rc7 17. Nd4 Qc4 18. Qxc4 Bxc4 19. Nc2 Nfxd5 20. Nxd5 Bxd5 21. Ne3 Be6 22. a4 Rb7 23. a5 Nd7 24. a6 Rb5 25. Ra3 Nb6 26. h4 h5 27. Rd2 Kf8 28. Rc2 Ke8 29. f3 Kd7 30. Kf2 Kc6 31. Rd3 Ra5 32. Ra3 Rb5 33. Rd3 Bb3 34. Rcd2 c4 0-1

[Event "December 12 Late 2023"]
[Site "https://www.chess.com"]
[Date "2023.12.12"]
[Round "3"]
[White "Erigaisi Arjun"]
[Black "Yuan, Qingyu"]
[Result "1/2-1/2"]
[Board "4"]
[TimeControl "180+1"]
[WhiteFideId "35009192"]
[BlackFideId "8609772"]
[WhiteElo "3100"]
[BlackElo "2790"]
[WhiteTeam "IND"]
[BlackTeam "CHN"]
[WhiteClock "0:01:50"]
[BlackClock "0:00:24"]

1. c4 Nf6 2. b3 e5 3. Bb2 Nc6 4. e3 g6 5. Nf3 d6 6. d4 exd4 7. Nxd4 Bd7 8. Be2 Bg7 9. O-O O-O 10. Nd2 Re8 11. h3 Ne5 12. N2f3 Ne4 13. Qc2 Nc6 14. Rad1 Qe7 15. a3 a6 16. b4 Nxd4 17. Nxd4 c5 18. Nb3 Ba4 19. Bxg7 Kxg7 20. Bf3 Rac8 21. Rd3 b5 22. bxc5 dxc5 23. Bxe4 Qxe4 24. Qc3+ Qe5 25. Qxe5+ Rxe5 26. Rc1 bxc4 27. Rxc4 Bb5 28. Na5 Bxc4 29. Nxc4 Ree8 30. Rd7 Red8 31. Ra7 Ra8 32. Rc7 Rac8 33. Ra7 Ra8 34. Rc7 Rac8 35. Rb7 Rb8 36. Ra7 Ra8 1/2-1/2

[Event "December 12 Late 2023"]
[Site "https://www.chess.com"]
[Date "2023.12.12"]
[Round "3"]
[White "Troff, Kayden"]
[Black "Duda, Jan-Krzysztof"]
[Result "0-1"]
[Board "5"]
[TimeControl "180+1"]
[WhiteFideId "2047896"]
[BlackFideId "1170546"]
[WhiteElo "2789"]
[BlackElo "3062"]
[WhiteTeam "USA"]
[BlackTeam "POL"]
[WhiteClock "0:00:01"]
[BlackClock "0:00:09"]

1. d4 d5 2. Nf3 Nf6 3. Bf4 c5 4. e3 Nc6 5. Nc3 Nh5 6. Be5 e6 7. Bb5 Bd7 8. Bxc6 Bxc6 9. O-O b6 10. Re1 Be7 11. e4 dxe4 12. Nxe4 Nf6 13. Nxf6+ gxf6 14. Bg3 c4 15. c3 Qd5 16. b3 Rc8 17. Qe2 Bb7 18. b4 Rg8 19. Qe3 h5 20. Qh6 Kd7 21. h4 Rg6 22. Qf4 Rg4 23. Qh6 Rcg8 24. Kh2 R4g6 25. Qh7 Ke8 26. Re3 Bf8 27. Rae1 R6g7 28. Qh6 Rxg3 29. Qxf6 Rxg2+ 30. Kh3 R2g6 31. Qf4 Bd6 32. Re5 Qxf3+ 33. Qxf3 Bxf3 0-1

[Event "December 12 Late 2023"]
[Site "https://www.chess.com"]
[Date "2023.12.12"]
[Round "3"]
[White "Fedoseev, Vladimir"]
[Black "Ghasi, Ameet K"]
[Result "0-1"]
[Board "6"]
[TimeControl "180+1"]
[WhiteFideId "24130737"]
[BlackFideId "409200"]
[WhiteElo "3060"]
[BlackElo "2784"]
[WhiteTeam "SLO"]
[BlackTeam "ENG"]
[WhiteClock "0:00:11"]
[BlackClock "0:00:03"]

1. e4 g6 2. d4 d6 3. Nf3 Bg7 4. h3 Nf6 5. Bd3 O-O 6. O-O Nc6 7. a3 Nd7 8. c3 e5 9. Bc2 b6 10. Re1 Bb7 11. Bg5 Qe8 12. Bh4 Bf6 13. Bxf6 Nxf6 14. Nbd2 a6 15. Nc4 Qe7 16. Ne3 Rae8 17. Nd5 Qd8 18. c4 Nd7 19. Ba4 Kg7 20. b4 Ncb8 21. dxe5 dxe5 22. Ra2 c6 23. Ne3 Qc7 24. Rd2 Nf6 25. Ng4 Nxg4 26. hxg4 Bc8 27. Nh2 Be6 28. Qc2 Rd8 29. Red1 Rxd2 30. Rxd2 Rd8 31. Rxd8 Qxd8 32. Nf3 Qc7 33. g5 Nd7 34. Qc3 Qd6 35. Bc2 Bg4 36. Ne1 Qd4 37. Qxd4 exd4 38. Ba4 Ne5 39. c5 b5 40. Bc2 Be2 41. f4 Nc4 42. Kf2 Bg4 43. Bb3 Nxa3 44. Nd3 Bd7 45. Ne5 Be8 46. Ke2 Nb1 47. Kd3 Nc3 48. Nf3 Na4 49. Bxa4 bxa4 50. Kxd4 f6 51. gxf6+ Kxf6 52. Kc3 h6 53. Kb2 g5 54. fxg5+ hxg5 55. Ka3 g4 56. Nd2 Ke5 57. Kxa4 Kd4 58. Ka5 Ke3 59. Nc4+ Kf2 60. Ne5 g3 61. Nd3+ Kxg2 62. Kxa6 Kf3 63. Ne5+ Kxe4 64. Ng4 g2 65. Nf6+ Kd4 66. Nxe8 g1=Q 67. Nd6 Kc3 68. Kb6 Kxb4 69. Nb7 Qd4 70. Kxc6 Qe4+ 71. Kb6 Qe3 72. Kc6 Kc4 73. Kb6 Qg1 74. Kc6 Qg2+ 75. Kc7 Qg6 76. c6 Kb5 77. Nd8 Qg7+ 78. Kd6 Qg6+ 79. Ne6 Qf6 80. c7 Qc3 81. Kd7 Qc6+ 82. Kc8 Qxe6+ 83. Kb7 Qc6+ 84. Kb8 Qb6+ 85. Ka8 Qc6+ 86. Kb8 Qd6 87. Kb7 Qd7 88. Kb8 Kb6 89. c8=Q Qa7# 0-1

[Event "December 12 Late 2023"]
[Site "https://www.chess.com"]
[Date "2023.12.12"]
[Round "3"]
[White "Korchmar, Vasiliy"]
[Black "Martinez Alcantara, Jose Eduardo"]
[Result "0-1"]
[Board "7"]
[TimeControl "180+1"]
[WhiteFideId "24131750"]
[BlackFideId "3805662"]
[WhiteElo "2770"]
[BlackElo "3059"]
[WhiteTeam "RUS"]
[BlackTeam "PER"]
[WhiteClock "0:00:00"]
[BlackClock "0:00:05"]

1. e4 c5 2. d4 cxd4 3. Qxd4 d6 4. Nc3 Nf6 5. Nf3 Nc6 6. Qd3 g6 7. Be2 Bg4 8. O-O Bg7 9. Nd5 Bxf3 10. Qxf3 O-O 11. c3 Nd7 12. Bg5 h6 13. Bh4 g5 14. Bg3 Nde5 15. Qh5 e6 16. Ne3 Qb6 17. b4 Rac8 18. h4 Qd8 19. f4 gxf4 20. Bxf4 Ng6 21. Bg3 Nce5 22. Nd1 a5 23. a3 a4 24. Rc1 d5 25. Nf2 d4 26. Rfd1 Qb6 27. c4 Rfd8 28. c5 Qc6 29. b5 Qe8 30. Nd3 Nxd3 31. Bxd3 Qe7 32. Rf1 Rd7 33. Kh1 Rf8 34. e5 Qe8 35. Be4 Rc7 36. c6 bxc6 37. bxc6 d3 0-1